 Seeded DCSS version 0.28-a0-1412-gf95308ed99 (webtiles) character file.

Game seed: 4156466889285452797 (custom seed)

261 flotson the Chopper (level 5, -3/41 HPs)
             Began as a Demonspawn Gladiator on Jan 7, 2022.
             Killed by divine providence
             ... invoked by an orc priest
              (12 damage)
             ... on level 3 of the Dungeon.
             The game lasted 00:03:15 (3150 turns).

flotson the Chopper (Demonspawn Gladiator)          Turns: 3150, Time: 00:03:15

Health: -3/41      AC:  8    Str: 16    XL:     5   Next: 96%
Magic:  5/5        EV: 13    Int:  9    God:
Gold:   119        SH:  0    Dex: 15    Spells: 4/4 levels left

rFire   . . .      SeeInvis .   a - +0 war axe
rCold   . . .      Faith    .   (no shield)
rNeg    . . .      Spirit   .   b - +0 leather armour
rPois   .          Reflect  .   c - +0 helmet
rElec   .          Harm     .   (no cloak)
rCorr   .          Rampage  .   (no gloves)
Will    .....                   g - +1 pair of boots
Stlth   +.........              (no amulet)
HPRegen 0.13/turn               (no ring)
MPRegen 0.09/turn               (no ring)

@: no status effects
A: claws 1, icy blue scales 1
a: no special abilities


You were on level 3 of the Dungeon.
You visited 1 branch of the dungeon, and saw 3 of its levels.

You collected 119 gold pieces.

Inventory:

Hand Weapons
 a - a +0 war axe (weapon)
Missiles
 d - 3 throwing nets (quivered)
Armour
 b - a +0 leather armour (worn)
 c - a +0 helmet (worn)
 g - a +1 pair of boots (worn)
Jewellery
 o - a ring of resist corrosion
Scrolls
 f - 2 scrolls of enchant weapon {unknown}
 h - 2 scrolls of enchant armour {unknown}
 j - a scroll of torment {unknown}
 k - a scroll of silence {unknown}
 l - a scroll of noise {unknown}
 m - a scroll of summoning {unknown}
 q - a scroll of identify {unknown}
Potions
 e - a potion of curing {unknown}
 i - 2 potions of heal wounds {unknown}
 n - a potion of degeneration {unknown}
 p - a potion of mutation {unknown}


   Skills:
 + Level 3.2 Fighting
 + Level 3.6 Axes
 + Level 3.0 Throwing
 + Level 2.0 Armour
 + Level 3.6 Dodging


You had 4 spell levels left.
You didn't know any spells.
Your spell library was empty.

Dungeon Overview and Level Annotations

Branches:
Dungeon (3/15)

Altars:

Annotations:
D:2 Sigmund
D:3 3 runed translucent doors, awesomeguy42's ghost, amateur HuNe


Innate Abilities, Weirdness & Mutations

You have sharp fingernails.
You are partially covered in icy blue scales. (AC +2)


Message History

An orc priest comes into view. It is wielding a +0 hand axe.
Found a stone staircase leading down.
The orc priest shouts!
You hear a shout! x3
An orc comes into view. It is wielding a +0 club.
The orc shouts!
You hit the worm but do no damage.
A sky beast comes into view.
You slash the worm!
The worm is severely wounded.
An orc comes into view. It is wielding a +0 hand axe.
The worm misses you.
You hit the worm but do no damage.
The worm is severely wounded.
A rat comes into view.
The worm bites you.
An orc comes into view.
It is wielding a +0 war axe and wearing a +2 scale mail of cold resistance.
You slash the worm!
You kill the worm!
The sky beast flickers out of sight!
Deactivating autopickup; reactivate with Ctrl-A.
Your Throwing skill increases to level 3!
Found a war axe.
An orc comes into view. It is wielding a +0 falchion.
You see here a worm corpse.
You barely miss something. Something hits you. Something shocks you.
Something completely misses you.
You closely miss something.
The orc shouts!
Something hits you but does no damage.
The orc priest miscasts a cantrip.
You miss something. Something barely misses you.
You closely miss something. Something barely misses you. Something hits you.
Something shocks you.
You open the door. Something hits you. Something shocks you.
There is an open door here.
Something is blocking the doorway!
Something hits you. Something shocks you.
* * * LOW HITPOINT WARNING * * *
The orc priest calls down the wrath of Beogh upon you.
Beogh smites you!
You die...

#..##.$$..##.##...##
#..#..#.#..#)...#.......
#### #######.....#######
#.........#.#
##.##.....#.#
#.##....##.#
#.##.....#.#
#..#.....+.#
##.#..@..### #.###'###
#.###o# #....o# ##.##r#
#..#o# #..#o# #..#†#
#..#?#


You could see an orc priest, 3 orcs and a rat.

Vanquished Creatures
  A scorpion (D:3)
  Natasha (thrice) (D:2)
  4 adders
  2 worms
  3 dart slugs
  8 endoplasms
  9 giant cockroaches
  5 goblins
  10 hobgoblins
  4 jackals (D:1)
  7 ball pythons
  5 bats
  2 frilled lizards
  6 kobolds
  5 rats
74 creatures vanquished.

Notes
Turn   | Place    | Note
-------+----------+-------------------------------------------
     0 | D:1      | flotson the Demonspawn Gladiator began the quest for the
                  | Orb.
     0 | D:1      | Reached XP level 1. HP: 16/16 MP: 1/1
   117 | D:1      | Gained mutation: You are partially covered in icy blue
                  | scales. (AC +2) [demonic ancestry]
   117 | D:1      | Reached XP level 2. HP: 22/22 MP: 2/2
   408 | D:1      | Reached XP level 3. HP: 26/28 MP: 3/3
   469 | D:1      | Found a faded altar of an unknown god.
   593 | D:1      | Reached skill level 1 in Armour
  1104 | D:2      | Gained mutation: You have sharp fingernails. [demonic
                  | ancestry]
  1104 | D:2      | Reached XP level 4. HP: 34/34 MP: 4/4
  1109 | D:2      | Noticed Natasha
  1122 | D:2      | Killed Natasha
  1359 | D:2      | Noticed Natasha
  1369 | D:2      | Killed Natasha
  1534 | D:2      | Noticed Natasha
  1546 | D:2      | Killed Natasha
  1547 | D:2      | Reached XP level 5. HP: 25/40 MP: 5/5
  1695 | D:2      | Noticed Sigmund
  2461 | D:3      | Found a runed translucent gate.
  2461 | D:3      | Found a runed translucent gate.
  2461 | D:3      | Found a runed translucent gate.
  2469 | D:3      | Noticed awesomeguy42's ghost (amateur HuNe)
  3133 | D:3      | Noticed a sky beast
  3150 | D:3      | Killed from afar by an orc priest

Illustrated notes

Levels and vault maps discovered:
D:1:      tarquinn_simple_flora_water_d, layout_rooms,
          hellmonk_ecumenical_altar_leap_of_faith, st_stairs_9,
          minmay_misc_feat_ornament, serial_bayou_crossing
D:2:      layout_loops_cross, uniq_sigmund, uniq_natasha
D:3:      cheibrodos_pilgrimage, layout_basic, gammafunk_ghost_necromancy

Skill      XL: |  1  2  3  4  5 |
---------------+----------------+-----
Throwing       | 2 3 |  3.0
Dodging        | 3 |  3.6
Axes           | 3 |  3.6
Armour         | 1 2 |  2.0
Fighting       | 3 |  3.2

Action                   |  1- 3 |  4- 6 || total
-------------------------+-------+-------++-------
Melee: War axe           |    91 |   131 ||   222
       Punch             |     1 |       ||     1
Armor: Leather armour    |    49 |    45 ||    94
Dodge: Dodged            |    78 |   101 ||   179

Table legend: (Time is in decaauts)
 A = Elapsed time spent in this place.
 B = Non-inter-level travel time spent in this place.
 C = Inter-level travel time spent in this place.
 D = Time resting spent in this place.
 E = Time spent auto-exploring this place.
 F = Levels seen in this place.
 G = Mean time per level.
                   A        B        C        D        E       F      G
               +--------+--------+--------+--------+--------+-----+--------+
         Total |   3235 |   3112 |    123 |    349 |   2177 |   3 | 1078.3 |
       Dungeon |   3235 |   3112 |    123 |    349 |   2177 |   3 | 1078.3 |
               +--------+--------+--------+--------+--------+-----+--------+

Top non-repeatable levels by time:
     D:2: 1401 daAuts
     D:1: 1067 daAuts
     D:3: 765 daAuts
